AoeStats
← kV0t3

African Clearing

505916184Analyzed
4v4 RM · 20d ago on Sep 11, 2026· 59m 57s· 8 players
Game mode
Random Map
Map size
Large (8 player)
Population
200
Speed
Normal
Resources
Standard
Victory
Conquest
Starting age
Dark Age
Ending age
Imperial Age
RankedLock teamsTeams togetherTeam positionsShared explorationLock speedFull tech treeHidden civsTurbo modeCheats
Victory
Defeat
🇦🇷 Spanish · Argentina
1389
+17
🇦🇷 Maya · Argentina
1382
+17
🇦🇷 Vietnamese · Argentina
1357
+18
🇦🇷 Berbers · Argentina
1348
+18
🇨🇦 Koreans · Canada
1456
-19
🇹🇼 Ethiopians · Taiwan
1404
-18
🇯🇵 Chinese · Japan
1383
-17
🇨🇴 Huns · Colombia
1360
-16
shi nong gong shang
2:55 Loom
13:13 Feudal Age
18:55 Castle Age
32:40 Fishing Lines
33:31 Horse Collar
34:39 Double-Bit Axe
35:02 Heavy Plow
38:49 Imperial Age
36:07 Town Watch
38:05 Wheelbarrow
39:59 Fletching
40:09 Padded Archer Armor
40:24 Bow Saw
42:21 Bodkin Arrow
43:41 Bracer
44:39 Bracer
45:20 Gold Mining
45:21 Stone Mining
48:42 Hand Cart
48:32 Town Patrol
51:43 Leather Archer Armor
51:37 Thumb Ring
51:01 Elite Skirmisher
57:16 Two-Man Saw
57:01 Gold Shaft Mining
57:01 Stone Shaft Mining
60:09 Ring Archer Armor
AlzzStriker
4:11 Loom
15:01 Feudal Age
19:30 Castle Age
17:49 Double-Bit Axe
17:55 Gold Mining
21:19 Fletching
24:02 Bow Saw
27:04 Ballistics
28:55 Horse Collar
31:03 Wheelbarrow
30:14 Town Watch
38:03 Masonry
41:45 Imperial Age
42:33 Bodkin Arrow
43:41 Chemistry
42:23 Elite War Wagon
43:31 Bracer
44:58 Conscription
49:13 Two-Man Saw
56:54 Caravan
59:42 Squires
59:27 Arson
Tacris09
11:56 Loom
14:08 Feudal Age
14:48 Double-Bit Axe
18:32 Castle Age
18:15 Gold Mining
19:09 Bloodlines
19:23 Husbandry
27:07 Horse Collar
34:41 Scale Barding Armor
34:46 Forging
40:11 Imperial Age
38:54 Wheelbarrow
39:20 Fletching
40:23 Chain Barding Armor
40:13 Forging
40:55 Cavalier
42:51 Plate Barding Armor
42:52 Iron Casting
44:11 Hand Cart
44:33 Scale Mail Armor
45:13 Gold Shaft Mining
44:29 Stone Mining
46:04 Paladin
49:32 Blast Furnace
48:29 Bodkin Arrow
49:15 Marauders
49:23 Murder Holes
49:51 Ballistics
50:31 Chemistry
50:25 Town Watch
53:31 Squires
53:31 Pikeman
56:15 Halberdier
56:21 Halberdier
58:13 Chain Mail Armor
57:59 Bracer
TwBestShaco
8:10 Loom
13:27 Feudal Age
14:59 Double-Bit Axe
15:07 Stone Mining
17:48 Castle Age
18:02 Horse Collar
19:19 Bow Saw
19:54 Bow Saw
21:17 Heavy Plow
26:24 Wheelbarrow
25:57 Crossbowman
26:59 Fletching
28:13 Gold Mining
28:52 Thumb Ring
28:55 Bodkin Arrow
30:54 Padded Archer Armor
31:17 Hand Cart
32:20 Ballistics
34:06 Leather Archer Armor
36:26 Imperial Age
34:32 Gold Shaft Mining
34:32 Stone Shaft Mining
34:38 Stone Shaft Mining
34:03 Squires
36:15 Town Watch
36:52 Arbalester
38:37 Chemistry
37:44 Siege Engineers
37:00 Man-at-Arms
37:44 Bracer
38:15 Ring Archer Armor
38:06 Capped Ram
39:23 Siege Ram
43:11 Two-Man Saw
43:20 Conscription
43:53 Guilds
44:50 Elite Skirmisher
45:40 Light Cavalry
46:22 Husbandry
46:45 Forging
46:40 Scale Barding Armor
46:50 Masonry
46:22 Hussar
48:31 Chain Barding Armor
48:47 Iron Casting
49:20 Coinage
49:27 Royal Heirs
49:32 Heavy Camel Rider
52:05 Blast Furnace
52:08 Elite Shotel Warrior
54:07 Scale Mail Armor
56:14 Chain Mail Armor
59:28 Plate Mail Armor
AlleN ★
5:48 Loom
12:49 Feudal Age
14:24 Double-Bit Axe
17:10 Castle Age
15:36 Gold Mining
16:01 Stone Mining
18:07 Bow Saw
19:49 Fletching
23:54 Bodkin Arrow
23:23 Pikeman
26:09 Ballistics
25:53 Padded Archer Armor
25:51 Elite Skirmisher
28:53 Thumb Ring
33:31 Bodkin Arrow
35:16 Wheelbarrow
39:58 Imperial Age
38:50 Hand Cart
38:57 Leather Archer Armor
39:17 Town Watch
40:41 Forging
41:07 Paper Money
41:15 Imperial Skirmisher
41:58 Bracer
42:28 Ring Archer Armor
45:03 Elite Fire Lancer
48:16 Squires
50:22 Squires
50:26 Scale Mail Armor
52:53 Halberdier
53:35 Squires
58:11 Chain Mail Armor
kV0t3
12:03 Loom
14:07 Feudal Age
14:09 Loom
17:35 Castle Age
23:41 Fletching
24:21 Bodkin Arrow
25:52 Padded Archer Armor
26:21 Double-Bit Axe
27:36 Bow Saw
29:27 Wheelbarrow
30:00 Leather Archer Armor
31:58 Ballistics
32:42 Kasbah
32:51 Gold Mining
34:02 Husbandry
35:02 Bloodlines
41:17 Imperial Age
42:02 Bracer
43:20 Chemistry
43:36 Conscription
45:44 Guard Tower
49:07 Ring Archer Armor
49:45 Elite Genitour
51:16 Pikeman
51:16 Man-at-Arms
51:59 Squires
52:18 Scale Mail Armor
52:29 Forging
53:36 Chain Mail Armor
54:36 Iron Casting
57:15 Blast Furnace
56:45 Plate Mail Armor
57:36 Hand Cart
57:57 Gold Shaft Mining
57:13 Stone Mining
57:04 Horse Collar
ZIZOU
12:17 Loom
14:02 Feudal Age
18:06 Castle Age
17:04 Fletching
18:25 Bloodlines
20:03 Double-Bit Axe
20:23 Husbandry
27:51 Horse Collar
32:44 Wheelbarrow
34:03 Bodkin Arrow
35:29 Ballistics
36:29 Bow Saw
36:56 Heavy Plow
37:57 Gold Mining
40:56 Imperial Age
40:12 Hand Cart
41:04 Elite Conquistador
42:23 Town Watch
43:01 Conscription
42:13 Cavalier
43:48 Bracer
45:21 Two-Man Saw
45:39 Chemistry
46:16 Padded Archer Armor
46:42 Scale Barding Armor
48:54 Paladin
50:22 Leather Archer Armor
50:28 Chain Barding Armor
50:18 Forging
53:36 Chain Barding Armor
58:49 Plate Barding Armor
maikoLin
4:11 Loom
11:51 Feudal Age
12:55 Double-Bit Axe
15:24 Fletching
20:18 Castle Age
20:22 Crossbowman
21:04 Bodkin Arrow
23:05 Thumb Ring
27:29 Ballistics
33:58 Imperial Age
32:02 Bow Saw
32:23 Padded Archer Armor
33:14 Padded Archer Armor
33:11 Horse Collar
34:12 Wheelbarrow
35:41 Chemistry
35:13 Bracer
36:23 Conscription
36:40 Town Watch
37:15 Arbalester
38:26 Gold Mining
38:34 Gold Mining
39:11 Scale Mail Armor
39:21 Forging
40:20 Chain Mail Armor
39:35 Eagle Warrior
40:16 Squires
41:31 Holcans
43:21 Plate Mail Armor
42:13 Elite Eagle Warrior
43:12 Arson
43:54 Stone Mining
45:03 Iron Casting
46:45 Blast Furnace
48:36 Stone Shaft Mining
50:13 Pikeman
50:56 Halberdier
Connection lost

Rejoining the realm…

Still unreachable

The connection could not be restored.

Session expired

The server has moved on; the page needs a fresh start.